 Dungeon Crawl Stone Soup version 0.31.0-32-g396128a36d (webtiles) character file.

Game seed: 10102666295131897439

227778 Alphaeus the Wrestler (level 18, -3/250 HPs)
             Began as a Troll Shapeshifter on Mar 19, 2024.
             Was the Champion of Jiyva.
             Killed from afar by a salamander mystic (13 damage)
             ... with a bolt of magma
             ... on level 4 of the Snake Pit.
             The game lasted 00:40:39 (23706 turns).

Alphaeus the Wrestler (Troll Shapeshifter)         Turns: 23706, Time: 00:40:39

Health: -3/250     AC: 32    Str: 31    XL:     18   Next: 25%
Magic:  16/17      EV:  7    Int: 14    God:    Jiyva [******]
Gold:   2208       SH:  0    Dex: 13    Spells: 17/17 levels left

rFire   . .          .
                       - Unarmed
rCold   + . .        (no shield)
rNeg    + . .        G - melded +1 steam dragon scales
rPois   ∞            (helmet restricted)
rElec   +            T - +0 cloak
rCorr   +            (gloves unavailable)
SInv    +            (boots unavailable)
Will    +++..        (no amulet)
Stlth   +            n - +6 ring of dexterity
HPRegen 3.01/turn    J - ring "Qaack" {rC+ Will++ Slay+4}
MPRegen 0.95/turn

%: clarity
@: about to teleport, statue-form, weakened, calling ooze, constricted, very
slow
A: slow and powerful, torment resistance 1, boosted hp, large, unfitting armour,
claws 3, regeneration 1, (shaggy fur 3), (tough skin 1), fangs 1, clarity,
clever 2, electricity resistance, acidic bite, eyeballs 3, tendrils, jelly
sensing items, MP-powered wands
}: 2/15 runes: decaying, slimy
a: Begin Untransformation, Renounce Religion, Oozemancy, Slimify


You were on level 4 of the Snake Pit.
You worshipped Jiyva.
Jiyva was exalted by your worship.
You were a living statue of rough stone.
You visited 6 branches of the dungeon, and saw 35 of its levels.
You also visited: Ossuary.

You collected 2313 gold pieces.
You spent 105 gold pieces at shops.

Inventory:

Hand Weapons
 p - the +7 hand cannon "Mule" {flame, backblast, rF+}
   (You found it on level 5 of the Pits of Slime)

   rF+:       It protects you from fire.
Missiles
 B - 4 throwing nets (quivered)
Armour
 d - +0 fire dragon scales
 h - a +0 troll leather armour
 k - a +2 kite shield
 G - +1 steam dragon scales (melded)
 T - a +0 cloak (worn)
Jewellery
 i - a ring of willpower
 n - a +6 ring of dexterity (left claw)
 o - a +6 ring of strength
 v - an amulet of guardian spirit
 x - an amulet of magic regeneration
 A - a ring of flight
 J - the ring "Qaack" (right claw) {rC+ Will++ Slay+4}
   (You took it off a yaktaur on level 15 of the Dungeon)

   [ring of slaying]

   Slay+4:    It affects your accuracy & damage with ranged weapons and melee
   (+4).
   rC+:       It protects you from cold.
   Will++:    It greatly increases your willpower.
 K - a ring of ice
Talismans
 c - a beast talisman
 q - a granite talisman (active)
 z - a serpent talisman
 H - a maw talisman
 L - a blade talisman
Wands
 m - a wand of charming (2)
 y - a wand of flame (45)
 C - a wand of digging (5)
 E - a wand of iceblast (15)
 P - a wand of mindburst (4)
 R - a wand of polymorph (6)
 X - a wand of quicksilver (5)
Scrolls
 a - 3 scrolls of fog
 e - 3 scrolls of vulnerability
 f - 4 scrolls of identify
 g - a scroll of amnesia
 j - 2 scrolls of fear
 r - 4 scrolls of immolation
 s - 4 scrolls of poison
 w - 5 scrolls of enchant armour
 N - 3 scrolls of teleportation
 O - a scroll of revelation
 Q - a scroll of torment
 W - a scroll of enchant weapon
Potions
 b - 3 potions of lignification
 l - 5 potions of curing
 t - a potion of heal wounds
 u - 2 potions of might
 D - 4 potions of attraction
 F - 2 potions of magic
 I - 2 potions of mutation
 M - a potion of enlightenment
 S - a potion of berserk rage
 U - a potion of cancellation
 V - a potion of ambrosia


   Skills:
 + Level 15.0 Fighting
 - Level 1.5 Dodging
 * Level 21.3 Unarmed Combat
 * Level 19.8 Shapeshifting


You had 17 spell levels left.
You didn't know any spells.
Your spell library contained the following spells:

 Spells                   Type           Power      Damage    Failure   Level
 Freeze                   Ice            0%         1d3       28%         1
 Summon Small Mammal      Summ           0%         N/A       28%         1
 Cigotuvi's Dreadful Rot  Necr/Alch/Air  0%         N/A       41%         2
 Lesser Beckoning         Tloc           0%         N/A       41%         2
 Static Discharge         Conj/Air       0%         3-3/arc   41%         2
 Call Canine Familiar     Summ           0%         N/A       65%         3
 Dazzling Flash           Conj/Hex       0%         N/A       65%         3
 Frozen Ramparts          Ice            0%         1d1       65%         3
 Gell's Gravitas          Tloc           0%         N/A       65%         3
 Hailstorm                Conj/Ice       0%         3d5       65%         3
 Inner Flame              Hex/Fire       0%         N/A       65%         3
 Mephitic Cloud           Conj/Alch/Air  0%         N/A       65%         3
 Teleport Other           Tloc           0%         N/A       65%         3
 Airstrike                Air            0%         2d(0-16)  96%         4
 Dispel Undead            Necr           0%         3d6       96%         4
 Flame Wave               Conj/Fire      0%         2d4       96%         4
 Ignite Poison            Fire/Alch      0%         N/A       96%         4
 Martyr's Knell           Necr/Summ      0%         N/A       96%         4
 Sticky Flame             Fire/Alch      0%         2d4       96%         4
 Summon Blazeheart Golem  Fire/Summ      0%         N/A       96%         4
 Summon Lightning Spire   Summ/Air       0%         N/A       96%         4
 Alistair's Intoxication  Alch           0%         N/A       100%        5
 Borgnjor's Vile Clutch   Necr/Erth      0%         N/A       100%        5
 Curse of Agony           Necr           0%         N/A       100%        5
 Silence                  Hex/Air        0%         N/A       100%        5
 Death Channel            Necr           0%         N/A       100%        6
 Eringya's Noxious Bog    Alch           0%         4d6       100%        6
 Ignition                 Fire           0%         3d3       100%        8


Dungeon Overview and Level Annotations

Branches:
Dungeon (15/15)            Temple (0/1) D:7            Lair (5/5) D:10
  Swamp (4/4) Lair:2        Snake (4/4) Lair:3        Slime (5/5) Lair:4
    Orc (2/2) D:11            Elf (0/3) Orc:2        Vaults (0/5) D:14
 Depths (0/4) D:15        Ossuary (visited)

Altars:
Dithmenos
Hepliaklqana
Kikubaaqudgha
Okawaru
Sif Muna
Vehumet
Xom
Yredelemnul
The Shining One
Jiyva

Shops:
D:13 *   Orc:2 *=([   Snake:3 (

Annotations:
Slime:5 Royal Jelly


Innate Abilities, Weirdness & Mutations

You are a living statue of rough stone.
Your actions are slow, but your melee attacks are powerful.
You are resistant to unholy torment.
Your maximum health is greatly increased.
Your equipment is partially melded.
You are too large for most types of armour.
You are immune to poison.
You have claws for hands.
Your natural rate of healing is unusually fast.
((Your thick and shaggy fur keeps you warm. (AC +3, rC+)))
((You have tough skin. (AC +1)))
You have very sharp teeth.
You possess an exceptional clarity of mind.
Your mind is very acute. (Int +8, Str/Dex -2)
You are resistant to electric shocks. (rElec)
You have acidic saliva.
Your body is covered in eyes which may confuse attackers. (Acc +7, SInv)
You are covered in slimy tendrils that may disarm your opponents.
You have a small jelly attached to you that senses nearby items.
You expend magic power (3 MP) to strengthen your wands.


Message History

You are engulfed in flames!
The salamander hits you from afar with a +4 trident.
You are engulfed in flames!
The salamander mystic hits you but does no damage.
The salamander hits you but does no damage.
Activating: Oozemancy (0% risk of failure)
Press: ? - help, Dir - look around, f - activate Slime begins to ooze from the nearby walls!
The wall burns the naga!
The wall burns the salamander!
The salamander hits you but does no damage.
The wall burns the naga!
The walls burn the salamander mystic!
The salamander mystic hits you with a +0 quarterstaff!
You are engulfed in flames!
* * * LOW HITPOINT WARNING * * *
The wall burns the naga!
The wall burns the nagaraja!
The nagaraja barely misses you. The nagaraja grabs you.
The nagaraja constricts you!
* * * LOW HITPOINT WARNING * * *
The wall burns the naga ritualist!
The walls burn the salamander!
The salamander hits you but does no damage.
The walls burn the salamander mystic!
The salamander mystic gestures at the salamander mystic while chanting.
The salamander mystic seems to speed up.
The wall burns the salamander!
The salamander hits you from afar with a +0 trident.
* * * LOW HITPOINT WARNING * * *
You are engulfed in flames!
* * * LOW HITPOINT WARNING * * *
The salamander hits you from afar with a +4 trident!
* * * LOW HITPOINT WARNING * * *
You are engulfed in flames!
* * * LOW HITPOINT WARNING * * *
The wall burns the naga!
The walls burn the salamander mystic!
The salamander mystic hits you but does no damage.
The walls burn the naga ritualist!
The naga ritualist hits you from afar with a +0 glaive.
* * * LOW HITPOINT WARNING * * *
The salamander mystic points at you and mumbles some strange words.
The bolt of magma hits you!
You die... ### .... #. ..# ... #.. ..# ..##... # ..# N.#N..# ## ..#NN...# .# NNNNN.#

.# ... #NNN.# .## ..?#
##8NN# ..####...#
##)).##.# .....##...#
##)..##..##
......##...##)..##....#
.......##......##.....##
...###.###..$.##.......#
..## #.####')###........
)#####......)).#.......#
.###.#########).......#


You could see a nagaraja (strong, corroded), a naga warrior, 3 salamander
mystics, 3 salamanders, 3 naga ritualists and 3 nagas.

Vanquished Creatures
  Saint Roka (Snake:4)
  Vashnia (Snake:2)
  Nikola (Snake:4)
  Jorgrun (Orc:2)
  A tentacled monstrosity (Swamp:2)
  Rupert (D:13)
  Gastronok (Lair:3)
  3 thorn hunters
  Roxanne (D:15)
  A nagaraja (Snake:3)
  An orc warlord (Orc:2)
  A very ugly thing (D:15)
  6 eleionomae
  5 bunyips
  2 fire dragons
  Josephine (Orc:1)
  3 shambling mangroves
  2 rakshasas (D:14)
  Erolcha (Orc:2)
  Harold (D:9)
  A vault guard (D:14)
  3 spriggan air magi
  5 centaur warriors
  3 salamander tyrants
  7 ghost crabs
  Erica (Orc:1)
  4 alligators
  26 hydras
  9 anacondas
  5 two-headed ogres
  4 boulder beetles
  12 naga warriors
  4 tengu warriors (D:14)
  22 naga sharpshooters
  2 death yaks (Lair:3)
  2 orc high priests (Orc:2)
  An occultist (D:13)
  5 shock serpents
  9 spriggans
  Sonja (D:12)
  7 goliath frogs
  4 skysharks
  3 salamander mystics
  8 skeletal warriors
  3 spriggan druids
  5 mana vipers
  6 bog bodies
  3 naga ritualists
  10 swamp dragons
  Pikel (D:5)
  3 orc sorcerers (Orc:2)
  A lindwurm (Lair:5)
  4 orc knights
  2 wolf spiders
  5 ugly things
  14 salamanders
  3 will-o-the-wisps
  3 manticores
  7 naga magi
  4 kobold blastminers
  7 cyclopes
  9 elephants
  36 black mambas
  3 guardian serpents
  3 molten gargoyles (Lair:5)
  A torpor snail (Lair:3)
  3 meliai (D:15)
  10 cane toads
  A gargoyle (D:14)
  Jeremiah (D:9)
  2 unseen horrors
  3 rime drakes
  18 komodo dragons
  A kobold demonologist (D:12)
  A freezing wraith (D:14)
  4 yaktaurs (D:15)
  2 tengu conjurers
  12 trolls
  3 polar bears
  12 hornets
  7 tyrant leeches
  A merfolk (shapeshifter) (D:15)
  Grinder (D:5)
  14 blink frogs
  5 wraiths (Orc:1)
  9 wyverns
  2 shadows
  7 wargs
  41 yaks
  6 steam dragons
  9 vampire mosquitoes
  Grum (D:8)
  6 basilisks
  4 acid dragons
  37 nagas
  14 swamp worms
  19 water moccasins
  3 hell hounds (Lair:5)
  2 ice beasts
  10 swamp drakes
  32 orc warriors
  An ice beast (shapeshifter) (D:14)
  4 sky beasts (D:8)
  2 black bears
  A black bear (shapeshifter) (D:14)
  A crocodile (D:8)
  4 ogres
  20 wolves
  3 lemures (D:5)
  14 centaurs
  3 phantoms
  4 elf zombies
  A kobold brigand (D:7)
  14 bullfrogs
  4 elf skeletons (D:7)
  A gnoll sergeant (D:9)
  6 scorpions
  2 burial acolytes (Ossuary)
  5 wights
  A killer bee (D:8)
  5 howler monkeys
  3 electric eels (Lair:2)
  4 lava snakes (Lair:5)
  5 hounds
  3 human zombies
  A gnoll bouda (D:7)
  16 orc priests
  2 sleepcaps (D:8)
  A human skeleton (D:7)
  3 iguanas
  13 orc wizards
  A killer bee zombie (D:8)
  A hound zombie (Ossuary)
  2 mummies (Ossuary)
  15 gnolls
  7 adders
  A shadow imp (D:7)
  4 white imps
  3 ribbon worms
  A dart slug (D:2)
  66 orcs
  6 ball pythons
  3 endoplasms (D:1)
  2 giant cockroaches (D:1)
  7 hobgoblins
  7 jackals (D:1)
  3 quokkas
  4 bats
  4 frilled lizards
  8 goblins
  12 kobolds
  A kobold zombie (Ossuary)
  An orc skeleton (D:7)
  6 rats
931 creatures vanquished.

Vanquished Creatures (others)
  A centaur warrior (D:13)
  An elephant (Lair:1)
  A black mamba (Snake:4)
  A kobold demonologist (D:12)
  A yaktaur (D:15)
  A bloated husk (Swamp:2)
  6 slime creatures (D:15)
  A swamp worm (Lair:2)
  A swamp drake (Swamp:4)
  4 boggarts (D:15)
  A human (D:8)
  2 centaurs (D:13)
  A kobold brigand (D:12)
  A bullfrog (D:8)
  A killer bee (D:8)
  106 jellies
  A bombardier beetle (D:6)
  A hound (D:6)
  A human skeleton (D:7)
  An adder (D:4)
  An endoplasm (D:4)
  6 orcs
  A goblin (D:3)
  3 bats (Orc:2)
  7 kobolds
  A rat (D:3)
  A butterfly (Lair:2)
  20 foxfires
  A spectral weapon (Swamp:2)
175 creatures vanquished.

Grand Total: 1106 creatures vanquished

Notes
Turn   | Place    | Note
-------+----------+-------------------------------------------
     0 | D:1      | Alphaeus the Troll Shapeshifter began the quest for the
                  | Orb.
     0 | D:1      | Reached XP level 1. HP: 18/18 MP: 0/0
    88 | D:1      | Reached skill level 1 in Fighting
   100 | D:1      | Reached XP level 2. HP: 23/27 MP: 1/1
   204 | D:1      | Reached XP level 3. HP: 33/33 MP: 2/2
   923 | D:2      | Found a faded altar of an unknown god.
   958 | D:2      | Prayed at the altar of an unknown god.
   958 | D:2      | Became a worshipper of Jiyva Jeolyqis the Shapeless
   958 | D:2      | Reached * piety under Jiyva
  1155 | D:3      | Reached ** piety under Jiyva
  1233 | D:3      | Reached XP level 4. HP: 41/41 MP: 3/3
  1293 | D:3      | Reached skill level 4 in Unarmed Combat
  1448 | D:3      | Found a shimmering blue altar of Sif Muna.
  1454 | D:3      | Noticed an ice beast
  1462 | D:3      | Killed an ice beast
  1463 | D:3      | Reached XP level 5. HP: 35/49 MP: 4/4
  1631 | D:3      | Reached *** piety under Jiyva
  2009 | D:4      | Gained mutation: Your body has grown eyes which may confuse
                  | attackers. (Acc +3) [Jiyva's grace]
  2009 | D:4      | Gained mutation: Your body has grown many eyes which may
                  | confuse attackers. (Acc +5) [Jiyva's grace]
  2009 | D:4      | Gained mutation: Your body is covered in eyes which may
                  | confuse attackers. (Acc +7, SInv) [Jiyva's grace]
  2009 | D:4      | Gained mutation: You have a small jelly attached to you
                  | that may absorb projectiles. [Jiyva's grace]
  2268 | D:4      | Reached XP level 6. HP: 57/57 MP: 5/5
  2292 | D:4      | Reached **** piety under Jiyva
  2402 | D:4      | Reached skill level 5 in Unarmed Combat
  2927 | D:5      | Entered Level 5 of the Dungeon
  2992 | D:5      | Reached ***** piety under Jiyva
  3005 | D:5      | Reached skill level 5 in Shapeshifting
  3022 | D:5      | Identified the +1 flail of Karma {drain, *Corrode rElec rF+
                  | Int+2 Stlth+}
  3083 | D:5      | Reached XP level 7. HP: 66/66 MP: 6/6
  3181 | D:5      | Reached skill level 6 in Unarmed Combat
  3330 | D:5      | Noticed Grinder
  3330 | D:5      | Paralysed by Grinder for 3 turns
  3342 | D:5      | Killed Grinder
  3343 | D:5      | Reached XP level 8. HP: 72/75 MP: 7/7
  3365 | D:5      | Noticed Pikel
  3375 | D:5      | Killed Pikel
  3376 | D:5      | Reached skill level 7 in Unarmed Combat
  3525 | D:5      | Lost mutation: Your body is covered in eyes which may
                  | confuse attackers. (Acc +7, SInv) [Jiyva's grace]
  3525 | D:5      | Lost mutation: Your body has grown many eyes which may
                  | confuse attackers. (Acc +5) [Jiyva's grace]
  3525 | D:5      | Gained mutation: Your translucent skin slightly reduces
                  | your foes' accuracy. (Stealth+) [Jiyva's grace]
  3525 | D:5      | Gained mutation: Your translucent skin reduces your foes'
                  | accuracy. (Stealth+) [Jiyva's grace]
  3525 | D:5      | Gained mutation: Your transparent skin significantly
                  | reduces your foes' accuracy. (Stealth+) [Jiyva's grace]
  3525 | D:5      | Gained mutation: Your flesh is heat resistant. (rF+)
                  | [Jiyva's grace]
  3690 | D:6      | Reached skill level 8 in Unarmed Combat
  3734 | D:6      | Reached XP level 9. HP: 84/84 MP: 8/8
  3807 | D:6      | Found a radiant altar of Vehumet.
  4513 | D:7      | Found a staircase to the Ecumenical Temple.
  4564 | D:7      | Reached skill level 9 in Unarmed Combat
  4586 | D:7      | Found a sand-covered staircase.
  4596 | D:7      | Reached skill level 5 in Fighting
  4610 | Ossuary  | Entered an ossuary
  4610 | Ossuary  | Found a huge runed translucent gate.
  4610 | Ossuary  | Found a huge runed translucent gate.
  4610 | Ossuary  | Found a huge runed translucent gate.
  4610 | Ossuary  | Found a huge runed translucent gate.
  4610 | Ossuary  | Found a huge runed translucent gate.
  4610 | Ossuary  | Found a huge runed translucent gate.
  4610 | Ossuary  | Found a huge runed translucent gate.
  4610 | Ossuary  | Found a huge runed translucent gate.
  4612 | Ossuary  | Found a huge runed translucent gate.
  4612 | Ossuary  | Found a huge runed translucent gate.
  4612 | Ossuary  | Found a huge runed translucent gate.
  4613 | Ossuary  | Found a huge runed translucent gate.
  4613 | Ossuary  | Found a huge runed translucent gate.
  4615 | Ossuary  | Found a huge runed translucent gate.
  4615 | Ossuary  | Found a huge runed translucent gate.
  4620 | Ossuary  | Found a huge runed translucent gate.
  4620 | Ossuary  | Found a huge runed translucent gate.
  4620 | Ossuary  | Found a huge runed translucent gate.
  4620 | Ossuary  | Found a huge runed translucent gate.
  4620 | Ossuary  | Found a huge runed translucent gate.
  4624 | Ossuary  | Found a huge runed translucent gate.
  4624 | Ossuary  | Found a huge runed translucent gate.
  4626 | Ossuary  | Found a huge runed translucent gate.
  4626 | Ossuary  | Found a huge runed translucent gate.
  4627 | Ossuary  | Found a huge runed translucent gate.
  4627 | Ossuary  | Found a huge runed translucent gate.
  4628 | Ossuary  | Found a huge runed translucent gate.
  4628 | Ossuary  | Found a huge runed translucent gate.
  4630 | Ossuary  | Found a huge runed translucent gate.
  4630 | Ossuary  | Found a huge runed translucent gate.
  4644 | Ossuary  | Found a huge runed translucent gate.
  4644 | Ossuary  | Found a huge runed translucent gate.
  4644 | Ossuary  | Found a huge runed translucent gate.
  4644 | Ossuary  | Found a huge runed translucent gate.
  4644 | Ossuary  | Found a huge runed translucent gate.
  5590 | D:8      | Reached XP level 10. HP: 66/96 MP: 9/9
  5695 | D:8      | Reached skill level 10 in Unarmed Combat
  5775 | D:8      | Noticed Grum
  5787 | D:8      | Killed Grum
  5844 | D:8      | Reached ****** piety under Jiyva
  5987 | D:8      | Noticed a two-headed ogre
  5996 | D:8      | Killed a two-headed ogre
  6080 | D:8      | Found an ancient bone altar of Kikubaaqudgha.
  6143 | D:8      | Reached skill level 10 in Shapeshifting
  6162 | D:8      | Lost mutation: Your flesh is heat resistant. (rF+) [Jiyva's
                  | grace]
  6162 | D:8      | Lost mutation: Your transparent skin significantly reduces
                  | your foes' accuracy. (Stealth+) [Jiyva's grace]
  6162 | D:8      | Gained mutation: You have sharp toenails. [Jiyva's grace]
  6162 | D:8      | Gained mutation: You have razor-sharp toenails. [Jiyva's
                  | grace]
  6162 | D:8      | Gained mutation: You have claws for feet. [Jiyva's grace]
  6162 | D:8      | Gained mutation: Your body has grown many eyes which may
                  | confuse attackers. (Acc +5) [Jiyva's grace]
  6206 | D:8      | Reached skill level 11 in Unarmed Combat
  6267 | D:8      | Noticed a two-headed ogre
  6286 | D:8      | Killed a two-headed ogre
  6339 | D:8      | Paralysed by a hornet for 3 turns
  6351 | D:8      | Reached XP level 11. HP: 50/106 MP: 10/10
  6716 | D:9      | Noticed Jeremiah
  6717 | D:9      | You fall into a shaft and drop 1 floor!
  6717 | D:10     | Entered Level 10 of the Dungeon
  6789 | D:10     | Identified the +1 scale mail "Aboliv Emesh" {Fly Int+4}
  6804 | D:10     | Found an iron altar of Okawaru.
  6806 | D:10     | Found a basalt altar of Yredelemnul.
  6808 | D:10     | Found a shimmering altar of Xom.
  6808 | D:10     | Found a glowing golden altar of the Shining One.
  6809 | D:10     | Found a shadowy altar of Dithmenos.
  6809 | D:10     | Found a hazy altar of Hepliaklqana.
  6875 | D:9      | Noticed Harold
  6884 | D:9      | Killed Harold
  6915 | D:9      | Killed Jeremiah
  7244 | D:10     | Noticed a two-headed ogre
  7251 | D:10     | Killed a two-headed ogre
  7291 | D:10     | Reached skill level 12 in Unarmed Combat
  7388 | D:10     | Found a staircase to the Lair.
  7788 | D:11     | Lost mutation: Your body has grown many eyes which may
                  | confuse attackers. (Acc +5) [Jiyva's grace]
  7788 | D:11     | Lost mutation: Your translucent skin reduces your foes'
                  | accuracy. (Stealth+) [Jiyva's grace]
  7788 | D:11     | Lost mutation: You have a small jelly attached to you that
                  | may absorb projectiles. [Jiyva's grace]
  7788 | D:11     | Gained mutation: Your muscles are strong. (Str +4, Int/Dex
                  | -1) [Jiyva's grace]
  7788 | D:11     | Gained mutation: Your muscles are very strong. (Str +8,
                  | Int/Dex -2) [Jiyva's grace]
  7788 | D:11     | Gained mutation: You are somewhat resistant to further
                  | mutation. [Jiyva's grace]
  7788 | D:11     | Gained mutation: You are somewhat resistant to both further
                  | mutation and mutation removal. [Jiyva's grace]
  7822 | D:11     | Noticed a two-headed ogre
  7826 | D:11     | Killed a two-headed ogre
  7895 | D:11     | Noticed a two-headed ogre
  7901 | D:11     | Killed a two-headed ogre
  8003 | D:11     | Found a staircase to the Orcish Mines.
  8362 | D:11     | Identified a scroll of acquirement
  8362 | D:11     | Acquired a manual of Fighting
  8405 | Lair:1   | Entered Level 1 of the Lair of Beasts
  8612 | Lair:1   | Reached XP level 12. HP: 114/118 MP: 11/11
  8673 | Lair:1   | Reached skill level 13 in Unarmed Combat
  9483 | Lair:2   | Reached skill level 14 in Unarmed Combat
  9520 | Lair:2   | Lost mutation: You have claws for feet. [Jiyva's grace]
  9520 | Lair:2   | Lost mutation: Your translucent skin slightly reduces your
                  | foes' accuracy. (Stealth+) [Jiyva's grace]
  9520 | Lair:2   | Gained mutation: Armour fits poorly on your pseudopods.
                  | [Jiyva's grace]
  9520 | Lair:2   | Gained mutation: Armour fits poorly on your large
                  | pseudopods. [Jiyva's grace]
  9520 | Lair:2   | Gained mutation: Armour fits poorly on your massive
                  | pseudopods. [Jiyva's grace]
  9520 | Lair:2   | Gained mutation: You expend magic power (3 MP) to
                  | strengthen your wands. [Jiyva's grace]
  9592 | Lair:2   | Noticed an eight-headed hydra
  9600 | Lair:2   | Killed an eight-headed hydra
  9968 | Lair:2   | Found a staircase to the Swamp.
 10203 | Lair:3   | Found a staircase to the Snake Pit.
 10212 | Lair:3   | Reached XP level 13. HP: 123/131 MP: 12/12
 10654 | Lair:3   | Noticed Gastronok
 10670 | Lair:3   | Killed Gastronok
 10671 | Lair:3   | Reached skill level 10 in Fighting
 11162 | Lair:4   | Reached skill level 15 in Unarmed Combat
 11581 | Lair:4   | Found a viscous altar of Jiyva.
 11581 | Lair:4   | Found a staircase to the Slime Pits.
 11666 | Lair:4   | Lost mutation: Armour fits poorly on your massive
                  | pseudopods. [Jiyva's grace]
 11666 | Lair:4   | Gained mutation: Your body has grown many eyes which may
                  | confuse attackers. (Acc +5) [Jiyva's grace]
 11666 | Lair:4   | Gained mutation: Your body is covered in eyes which may
                  | confuse attackers. (Acc +7, SInv) [Jiyva's grace]
 11666 | Lair:4   | Gained mutation: You are covered in slimy tendrils that may
                  | disarm your opponents. [Jiyva's grace]
 11666 | Lair:4   | Gained mutation: You are partially covered in iridescent
                  | scales. (AC +2) [Jiyva's grace]
 11957 | Slime:1  | Entered Level 1 of the Pits of Slime
 11963 | Slime:1  | Noticed an acid blob
 11972 | Slime:1  | Noticed a rockslime
 12050 | Slime:1  | Noticed an acid blob
 12072 | Slime:1  | Noticed a formless jellyfish
 12073 | Slime:1  | Noticed a formless jellyfish
 12079 | Slime:1  | Noticed a quicksilver ooze
 12103 | Slime:1  | Noticed an acid blob
 12192 | Slime:1  | Noticed a formless jellyfish
 12197 | Slime:1  | Noticed a formless jellyfish
 12209 | Slime:1  | Noticed an azure jelly
 12362 | Slime:2  | Noticed a quicksilver ooze
 12423 | Slime:3  | Noticed a rockslime
 12451 | Slime:3  | Noticed a rockslime
 12489 | Slime:3  | Noticed a quicksilver ooze
 12590 | Slime:4  | Noticed a rockslime
 12593 | Slime:4  | Noticed an azure jelly
 12601 | Slime:4  | Noticed an acid blob
 12767 | Slime:5  | Entered Level 5 of the Pits of Slime
 12790 | Slime:5  | Noticed the Royal Jelly
 12802 | Slime:5  | Noticed an azure jelly
 12805 | Slime:5  | Noticed an azure jelly
 12814 | Slime:5  | Noticed an acid blob
 12824 | Slime:5  | Found the +7 hand cannon "Mule" {flame, backblast, rF+}
 12832 | Slime:5  | Identified the staff "Qesieka" {rF+ rC+ MP+9 Str-5 Ice}
 12843 | Slime:5  | Found a viscous altar of Jiyva.
 12844 | Slime:5  | Identified the +0 lajatang "Kasu" {venom, rElec rN+}
 12845 | Slime:5  | Noticed an acid blob
 12846 | Slime:5  | Got a slimy rune of Zot
 12853 | Slime:5  | Identified the +3 dire flail "Qebom" {drain, rElec rF+ rC-
                  | rN++}
 12855 | Slime:5  | Identified the +3 spear "Fatye" {freeze, Dex+2}
 12863 | Slime:5  | Identified the +2 flail of Exquisite Torment {venom, rF+
                  | Int+2}
 12864 | Slime:5  | Noticed a rockslime
 12871 | Slime:5  | Noticed an acid blob
 12878 | Slime:5  | Identified the +8 mace of the Many Nightcaps {holy, rElec
                  | rC+ Dex+3}
 12880 | Slime:5  | Identified the +11 arbalest of the Exiled Xeniums {heavy,
                  | rF+ rN+}
 12881 | Slime:5  | Identified the staff of Xeguqes {^Drain Int-2 Dex+8 Stlth+
                  | Earth}
 12908 | Slime:5  | Noticed an acid blob
 12920 | Slime:5  | Noticed an acid blob
 12922 | Slime:5  | Noticed an acid blob
 13041 | Slime:5  | Noticed an azure jelly
 13049 | Slime:5  | Noticed a rockslime
 13057 | Slime:5  | Noticed an azure jelly
 13110 | Slime:5  | Noticed an azure jelly
 13129 | Slime:5  | Noticed an azure jelly
 13274 | Lair:5   | Entered Level 5 of the Lair of Beasts
 13451 | Lair:5   | Found a large runed translucent door.
 13452 | Lair:5   | Found a large runed translucent door.
 13883 | Lair:5   | Reached XP level 14. HP: 146/146 MP: 13/13
 14087 | Lair:5   | Reached skill level 16 in Unarmed Combat
 14658 | D:12     | Noticed Sonja
 14660 | D:12     | Killed Sonja
 14745 | D:12     | Lost mutation: You have razor-sharp toenails. [Jiyva's
                  | grace]
 14745 | D:12     | Lost mutation: You are partially covered in iridescent
                  | scales. (AC +2) [Jiyva's grace]
 14745 | D:12     | Lost mutation: You are somewhat resistant to both further
                  | mutation and mutation removal. [Jiyva's grace]
 14745 | D:12     | Lost mutation: You are somewhat resistant to further
                  | mutation. [Jiyva's grace]
 14745 | D:12     | Lost mutation: You are covered in slimy tendrils that may
                  | disarm your opponents. [Jiyva's grace]
 14745 | D:12     | Lost mutation: You have sharp toenails. [Jiyva's grace]
 14745 | D:12     | Gained mutation: You have large cloven feet. [Jiyva's
                  | grace]
 14745 | D:12     | Gained mutation: You have hoof-like feet. [Jiyva's grace]
 14745 | D:12     | Gained mutation: You have hooves in place of feet. [Jiyva's
                  | grace]
 14745 | D:12     | Gained mutation: You are robust. (+10% HP) [Jiyva's grace]
 14850 | D:12     | Reached skill level 15 in Shapeshifting
 15646 | D:13     | Noticed Rupert
 15655 | D:13     | Killed Rupert
 15756 | D:13     | Lost mutation: Your muscles are very strong. (Str +8,
                  | Int/Dex -2) [Jiyva's grace]
 15756 | D:13     | Lost mutation: Armour fits poorly on your large pseudopods.
                  | [Jiyva's grace]
 15756 | D:13     | Gained mutation: You are very robust. (+20% HP) [Jiyva's
                  | grace]
 15756 | D:13     | Gained mutation: You are extremely robust. (+30% HP)
                  | [Jiyva's grace]
 15756 | D:13     | Gained mutation: You have very sharp teeth. [Jiyva's grace]
 15756 | D:13     | Gained mutation: You have extremely sharp teeth. [Jiyva's
                  | grace]
 15893 | D:13     | Found Touploc's General Store.
 16556 | D:14     | Reached skill level 17 in Unarmed Combat
 16761 | D:14     | Found a gate to the Vaults.
 16958 | D:15     | Entered Level 15 of the Dungeon
 16958 | D:15     | Noticed Roxanne
 16982 | D:15     | Killed Roxanne
 16999 | D:15     | Reached XP level 15. HP: 179/205 MP: 14/14
 17209 | D:15     | Identified the ring "Qaack" {rC+ Will++ Slay+4}
 17304 | D:15     | Found a staircase to the Depths.
 17449 | D:15     | Identified the +7 sling of Ruorekh {heavy, ^Contam rF+
                  | Str+2}
 17711 | D:15     | Lost mutation: You have extremely sharp teeth. [Jiyva's
                  | grace]
 17711 | D:15     | Lost mutation: You have hooves in place of feet. [Jiyva's
                  | grace]
 17711 | D:15     | Lost mutation: You are extremely robust. (+30% HP) [Jiyva's
                  | grace]
 17711 | D:15     | Lost mutation: You are very robust. (+20% HP) [Jiyva's
                  | grace]
 17711 | D:15     | Lost mutation: Your muscles are strong. (Str +4, Int/Dex
                  | -1) [Jiyva's grace]
 17711 | D:15     | Gained mutation: You have acidic saliva. [Jiyva's grace]
 17711 | D:15     | Gained mutation: Your mind is acute. (Int +4, Str/Dex -1)
                  | [Jiyva's grace]
 17711 | D:15     | Gained mutation: Your mind is very acute. (Int +8, Str/Dex
                  | -2) [Jiyva's grace]
 17711 | D:15     | Gained mutation: A frigid envelope surrounds you and
                  | freezes all who hurt you. [Jiyva's grace]
 18087 | Orc:1    | Entered Level 1 of the Orcish Mines
 18290 | Orc:1    | Noticed Erica
 18290 | Orc:1    | Noticed Josephine
 18297 | Orc:1    | Killed Josephine
 18298 | Orc:1    | Killed Erica
 18387 | Orc:2    | Entered Level 2 of the Orcish Mines
 18387 | Orc:2    | Noticed Jorgrun
 18391 | Orc:2    | Killed Jorgrun
 18443 | Orc:2    | Noticed Erolcha
 18486 | Orc:2    | Killed Erolcha
 18498 | Orc:2    | Reached skill level 18 in Unarmed Combat
 18521 | Orc:2    | Found Ingy's Jewellery Boutique.
 18570 | Orc:2    | Found a staircase to the Elven Halls.
 18582 | Orc:2    | Found Vusuafye's General Store.
 18623 | Orc:2    | Bought a scroll of blinking for 105 gold pieces
 18770 | Orc:2    | Found Imaxerey's Antique Weapon Shop.
 18873 | Orc:2    | Found Vic Zia's Antique Armour Shoppe.
 19143 | Swamp:1  | Entered Level 1 of the Swamp
 19239 | Swamp:1  | Lost mutation: You have hoof-like feet. [Jiyva's grace]
 19239 | Swamp:1  | Lost mutation: A frigid envelope surrounds you and freezes
                  | all who hurt you. [Jiyva's grace]
 19239 | Swamp:1  | Lost mutation: You are robust. (+10% HP) [Jiyva's grace]
 19239 | Swamp:1  | Gained mutation: You are resistant to electric shocks.
                  | (rElec) [Jiyva's grace]
 19239 | Swamp:1  | Gained mutation: You have a small jelly attached to you
                  | that senses nearby items. [Jiyva's grace]
 19239 | Swamp:1  | Gained mutation: Your muscles are strong. (Str +4, Int/Dex
                  | -1) [Jiyva's grace]
 19239 | Swamp:1  | Gained mutation: Your muscles are very strong. (Str +8,
                  | Int/Dex -2) [Jiyva's grace]
 19818 | Swamp:2  | Reached XP level 16. HP: 170/170 MP: 15/15
 20044 | Swamp:2  | Noticed a thorn hunter
 20051 | Swamp:2  | Killed a thorn hunter
 20064 | Swamp:2  | Noticed a thorn hunter
 20081 | Swamp:2  | Killed a thorn hunter
 20083 | Swamp:2  | Reached skill level 19 in Unarmed Combat
 20300 | Swamp:2  | Noticed a tentacled monstrosity
 20306 | Swamp:2  | Killed a tentacled monstrosity
 20881 | Swamp:4  | Entered Level 4 of the Swamp
 21139 | Swamp:4  | Noticed a thorn hunter
 21146 | Swamp:4  | Killed a thorn hunter
 21156 | Swamp:4  | Reached XP level 17. HP: 177/180 MP: 16/16
 21187 | Swamp:4  | Got a decaying rune of Zot
 21392 | Snake:1  | Entered Level 1 of the Snake Pit
 21444 | Snake:1  | Reached skill level 20 in Unarmed Combat
 21723 | Snake:1  | Lost mutation: You have large cloven feet. [Jiyva's grace]
 21723 | Snake:1  | Lost mutation: Your muscles are very strong. (Str +8,
                  | Int/Dex -2) [Jiyva's grace]
 21723 | Snake:1  | Lost mutation: Your muscles are strong. (Str +4, Int/Dex
                  | -1) [Jiyva's grace]
 21723 | Snake:1  | Lost mutation: Armour fits poorly on your pseudopods.
                  | [Jiyva's grace]
 21723 | Snake:1  | Gained mutation: You are covered in slimy tendrils that may
                  | disarm your opponents. [Jiyva's grace]
 21723 | Snake:1  | Gained mutation: You possess an exceptional clarity of
                  | mind. [Jiyva's grace]
 21723 | Snake:1  | Gained mutation: You are covered in thick fur. (AC +2)
                  | [Jiyva's grace]
 21723 | Snake:1  | Gained mutation: Your thick and shaggy fur keeps you warm.
                  | (AC +3, rC+) [Jiyva's grace]
 22011 | Snake:2  | Noticed Vashnia
 22023 | Snake:2  | Killed Vashnia
 22822 | Snake:3  | Found Fashraaf's Antique Weapon Boutique.
 23289 | Snake:4  | Entered Level 4 of the Snake Pit
 23378 | Snake:4  | Reached skill level 21 in Unarmed Combat
 23382 | Snake:4  | Noticed Nikola
 23395 | Snake:4  | Killed Nikola
 23410 | Snake:4  | Reached XP level 18. HP: 191/192 MP: 17/17
 23423 | Snake:4  | Noticed Saint Roka
 23433 | Snake:4  | Killed Saint Roka
 23632 | Snake:4  | Reached skill level 15 in Fighting
 23706 | Snake:4  | HP: 10/250 [naga ritualist/+0 glaive (3)]
 23706 | Snake:4  | Killed from afar by a salamander mystic

Illustrated notes

Levels and vault maps discovered:
D:1:      heliophobic_arrival_ceremonial_halls, layout_basic
D:2:      layout_basic, chequers_ecumenical_altar_island
D:3:      layout_basic, nicolae_overflow_crystal_walls
D:4:      minmay_angry_zag, layout_loops_corners, serial_bayou_lagoon_a
D:5:      layout_basic, uniq_grinder, uniq_pikel
D:6:      layout_cave_pools, vehumet_altar_wand_db
D:7:      layout_loops_corners, minmay_temple_entry_wispy,
          nicolae_ossuary_entry_catacombs, minmay_puff
D:8:      regret_index_malice_mire, layout_loops_ring, tgw_kikubaaqudgha,
          minmay_bent, uniq_grum
D:9:      layout_rooms, uniq_harold, uniq_jeremiah
D:10:     layout_long_grid, grunt_temple_overflow_open, lair_entry_dummy,
          st_stairs_9
D:11:     layout_roguey, minmay_orc_entry_guard_dogs, chequers_jeans
D:12:     layout_roguey, chequers_serial_rivers_micro_e,
          chequers_serial_rivers_micro_b, onia_ninara_dug_in_and_dangerous,
          uniq_sonja
D:13:     layout_gridville, serial_shops, shop, uniq_rupert
D:14:     layout_gridville, david_vaults_5, nicolae_straight_to_the_point
D:15:     hangedman_depths_entry_try_elsewhere_first, layout_layer_cave,
          uniq_roxanne
Lair:1:   layout_regular_city, grunt_megastairs_4, lemuel_fruit_fields,
          lemuel_fruit_fields
Lair:2:   layout_cellular_growth, minmay_swamp_entry_worms, grunt_megastairs_1,
          lemuel_fruit_fields, serial_bayou_shore_a, serial_bayou_shore_b
Lair:3:   layout_cellular_growth, minmay_snake_entry_six_corridors,
          uniq_gastronok
Lair:4:   layout_roguey, dpeg_slime_entry_enclosed, grunt_megastairs_2
Lair:5:   cheibrodos_lair_end_hotspot, layout_cave_pods
Swamp:1:  layout_falls_marsh, nicolae_swamp_small_spring
Swamp:2:  nzn_winding_woodlands_small [nzn_winding_woodlands_5x15_pockets,
          nzn_winding_woodlands_center_lodge,
          nzn_winding_woodlands_5x15_zeroes], layout_basic_swamp,
          serial_swamp_ruin, evilmike_swamp_ruin_house_6,
          evilmike_swamp_ruin_house_1
Swamp:3:  layout_falls_marsh, evilmike_swamp_ruin_wall, swamp_pool_4,
          infiniplex_staircase_pool
Swamp:4:  swamp, layout_basic_swamp
Snake:1:  layout_basic
Snake:2:  layout_honeycomb, serial_bayou_crossing, uniq_vashnia
Snake:3:  layout_gridlike, minmay_shop_star
Snake:4:  johnstein_snake_rune_scales, layout_onion, uniq_nikola,
          uniq_saint_roka
Slime:1:  cheibrodos_slime_lost_civilization_1, layout_caves,
          cheibrodos_slime_lost_civilization_6
Slime:2:  layout_caves, special_room [special_room_jelly]
Slime:3:  layout_caves, basic_altar
Slime:4:  layout_caves
Slime:5:  slime_pit_nicolae_amoeboid
Orc:1:    layout_diamond_mine, uniq_josephine, uniq_erica
Orc:2:    grunt_orc_gardens, layout_caves, grunt_orc_garden, grunt_orc_garden,
          grunt_orc_garden, grunt_orc_garden, basic_altar,
          blackcustard_mines_bat_river, uniq_erolcha, uniq_jorgrun

Skill      XL: |  1  2  3  4  5  6  7  8  9 10 11 12 13 14 15 16 17 18 |
---------------+-------------------------------------------------------+-----
Fighting       | 1 2 3 4 5 6 7 9 11 12 13 14 15 | 15.0
Unarmed Combat | 4 5 6 8 9 11 12 14 15 17 18 19 21 | 21.3
Shapeshifting  | 4 5 6 7 9 10 11 13 14 15 17 18 19 | 19.8
Dodging        | |  1.5

Action                     |  1- 3 |  4- 6 |  7- 9 | 10-12 | 13-15 | 16-18 || total
---------------------------+-------+-------+-------+-------+-------+-------++-------
  Melee: Unarmed           |    77 |   123 |   207 |   402 |   753 |   474 ||  2036
         Punch             |     1 |     4 |    16 |    13 |    12 |    60 ||   106
         Kick              |       |       |       |    38 |    51 |    51 ||   140
         Constrict         |       |       |       |    31 |   128 |       ||   159
         Pseudopods        |       |       |       |       |    27 |    32 ||    59
         Bite              |       |       |       |       |    10 |    41 ||    51
 Invoke: Oozemancy         |       |       |       |       |       |     2 ||     2
    Use: Scroll            |       |       |       |    21 |     4 |     7 ||    32
         Potion            |       |       |       |     1 |     4 |     2 ||     7
   Stab: Confused          |       |     1 |     4 |     2 |     5 |    10 ||    22
         Sleeping          |       |       |     5 |     2 |       |       ||     7
         Distracted        |       |       |     1 |       |     1 |       ||     2
 Armour: Animal skin       |    50 |    69 |   153 |    84 |       |       ||   356
         Steam dragon scal |       |       |       |   127 |       |       ||   127
         Skin              |       |       |       |   172 |  1040 |   760 ||  1972
  Dodge: Dodged            |    39 |    36 |   125 |   198 |   454 |   229 ||  1081
   Form: Serpent           |       |       |       |     1 |     1 |       ||     2
         Statue            |       |       |       |       |     2 |       ||     2
